 Dungeon Crawl Stone Soup version 0.30-a0-603-g51a0fb1b98 (webtiles) character file.

Game seed: 16879284496348358939

135 HoaS the Shooter (level 4, 0/36 HPs)
             Began as a Demigod Hunter on Jan 7, 2023.
             Slain by Terence
             ... wielding a +2 mace of protection
              (7 damage)
             ... on level 3 of the Dungeon.
             The game lasted 00:03:39 (1668 turns).

HoaS the Shooter (Demigod Hunter)                   Turns: 1668, Time: 00:03:40

Health: 0/36       AC:  5    Str: 12    XL:     4   Next: 65%
Magic:  6/6        EV: 12    Int: 11    God:
Gold:   62         SH:  0    Dex: 21    Spells: 3/3 levels left

rFire   . . .      SeeInvis .    a - +1 shortbow
rCold   . . .      Faith    .    (shield currently unavailable)
rNeg    . . .      Spirit   .    c - +0 leather armour
rPois   .          Reflect  .    e - +1 helmet
rElec   .          Harm     .    (no cloak)
rCorr   .          Rampage  .    (no gloves)
Will    .....                    (no boots)
Stlth   ++                       (no amulet)
HPRegen 0.26/turn                (no ring)
MPRegen 0.10/turn                (no ring)

@: no status effects
A: high MP 1, forlorn, divine attributes
a: no special abilities


You were on level 3 of the Dungeon.
You visited 1 branch of the dungeon, and saw 3 of its levels.

You collected 62 gold pieces.

Inventory:

Hand Weapons
 a - a +1 shortbow (weapon)
Armour
 c - a +0 leather armour (worn)
 e - a +1 helmet (worn)
Scrolls
 b - a scroll of immolation
 h - a scroll of magic mapping
Potions
 d - a potion of lignification {unknown}
 f - a potion of attraction {unknown}
 g - a potion of mutation {unknown}


   Skills:
 - Level 1.7 Fighting
 + Level 5.7 Ranged Weapons
 - Level 1.7 Dodging
 - Level 0.8 Stealth


You had 3 spell levels left.
You didn't know any spells.
Your spell library contained the following spells:

 Spells                   Type           Power      Damage    Failure   Level
 Slow                     Hex            0%         N/A       41%         1
 Summon Small Mammal      Summ           0%         N/A       41%         1
 Call Canine Familiar     Summ           0%         N/A       80%         3
 Confusing Touch          Hex            0%         N/A       80%         3
 Summon Guardian Golem    Hex/Summ       0%         N/A       80%         3
 Vampiric Draining        Necr           0%         2d6       80%         3


Dungeon Overview and Level Annotations

Branches:
Dungeon (3/15)

Annotations:
D:3 Terence


Innate Abilities, Weirdness & Mutations

You have an increased reservoir of magic. (+10% MP)
You shall have no god before yourself.
Your divine heritage dramatically boosts your attributes as you level up.


Message History

You shoot an arrow. The arrow hits the frilled lizard.
You kill the frilled lizard!
No target in view!
h - a scroll of magic mapping Terence the Incautious comes into view.
He is wielding a +2 mace of protection.
Terence shouts!
Terence shouts, "Get ready for death!"
You shoot an arrow. The arrow hits Terence.
Terence is moderately wounded.
You shoot an arrow.
The arrow hits Terence but does no damage.
Terence is lightly wounded.
You shoot an arrow.
The arrow hits Terence but does no damage.
Terence is lightly wounded.
You shoot an arrow. The arrow hits Terence.
Terence is moderately wounded.
You shoot an arrow. The arrow completely misses Terence.
Terence hits you with a +2 mace of protection.
You shoot an arrow.
The arrow hits Terence but does no damage.
Terence is moderately wounded.
Terence hits you with a +2 mace of protection! x2
You shoot an arrow. The arrow barely misses Terence.
Terence hits you with a +2 mace of protection.
You shoot an arrow. The arrow hits Terence.
Terence is heavily wounded.
Terence completely misses you.
You shoot an arrow.
The arrow hits Terence but does no damage.
Terence is heavily wounded.
Terence hits you with a +2 mace of protection!
* * * LOW HITPOINT WARNING * * *
Okay, then.
You shoot an arrow.
The arrow hits Terence but does no damage.
Terence is heavily wounded.
Terence shouts, "Get ready for death!"
Terence hits you with a +2 mace of protection!
You die...

. . ..# . ## #.# # #.. #.#
# #.# #.# # #.# #.#
#####.###.## #.#
...........#
##.########...
#.###.###..###.>@@.......#
#.###...........#####.####
#.#.........#...# .#
.#..#.###...#....... ..
###.#.# #...#...##... .# #
##..# #...##.... ... ..
##.#^###....#..... .. #
#...........#.....# #
..###.....#..#....##


You could see Terence.

Vanquished Creatures
  Natasha (twice) (D:2)
  3 adders
  2 worms (D:2)
  4 dart slugs
  2 endoplasms (D:1)
  2 giant cockroaches
  5 hobgoblins
  2 quokkas (D:1)
  2 ball pythons (D:1)
  6 bats
  2 frilled lizards
  4 goblins
  6 kobolds
  5 rats
47 creatures vanquished.

Notes
Turn   | Place    | Note
-------+----------+-------------------------------------------
     0 | D:1      | HoaS the Demigod Hunter began the quest for the Orb.
     0 | D:1      | Reached XP level 1. HP: 17/17 MP: 3/3
   193 | D:1      | Reached skill level 4 in Ranged Weapons
   249 | D:1      | Reached XP level 2. HP: 24/24 MP: 4/4
   671 | D:2      | Reached XP level 3. HP: 8/29 MP: 5/5
   905 | D:2      | Noticed Natasha
   911 | D:2      | Killed Natasha
   912 | D:2      | Reached skill level 5 in Ranged Weapons
   977 | D:2      | Reached XP level 4. HP: 36/36 MP: 6/6
  1368 | D:2      | Noticed Natasha
  1406 | D:2      | Killed Natasha
  1655 | D:3      | Noticed Terence
  1668 | D:3      | Slain by Terence

Illustrated notes

Levels and vault maps discovered:
D:1:      saegor_arrival_miasma, layout_rooms
D:2:      layout_loops_ring, uniq_natasha
D:3:      layout_loops_ring, minmay_misc_feat_chi, uniq_terence

Skill      XL: |  1  2  3 |
---------------+----------+-----
Ranged Weapons | 4 5 |  5.7
Fighting       | |  1.7
Dodging        | |  1.7
Stealth        | |  0.8

Action                   |  1- 3 |  4- 6 || total
-------------------------+-------+-------++-------
Melee: Unarmed           |     2 |       ||     2
 Fire: Shortbow          |   103 |    45 ||   148
  Use: Scroll            |     4 |     5 ||     9
Armor: Leather armour    |    14 |     1 ||    15
       Skin              |     1 |       ||     1
Dodge: Dodged            |    28 |    11 ||    39

Table legend: (Time is in decaauts)
 A = Elapsed time spent in this place.
 B = Non-inter-level travel time spent in this place.
 C = Inter-level travel time spent in this place.
 D = Time resting spent in this place.
 E = Time spent auto-exploring this place.
 F = Levels seen in this place.
 G = Mean time per level.
                   A        B        C        D        E       F      G
               +--------+--------+--------+--------+--------+-----+--------+
         Total |   1726 |   1678 |     48 |    275 |   1073 |   3 |  575.3 |
       Dungeon |   1726 |   1678 |     48 |    275 |   1073 |   3 |  575.3 |
               +--------+--------+--------+--------+--------+-----+--------+

Top non-repeatable levels by time:
     D:2: 916 daAuts
     D:1: 620 daAuts
     D:3: 189 daAuts
